 Dungeon Sprint DCSS version 0.19-a0-1920-g83281cb (webtiles) character file.

8400000 Crut the Intangible (level 27, -6/323 HPs)
             Began as a Troll Warper on Oct 23, 2016.
             Was the Champion of Makhleb.
             Killed from afar by a dread (31 damage)
             ... with damnation
             ... in the Dungeon (Sprint VIII: "Arena of Blood").
             The game lasted 00:04:14 (84 turns).

Crut the Intangible (Troll Warper)                    Turns: 84, Time: 00:04:14

Health: -6/323     AC:  7    Str: 27    XL:     27
Magic:  22/53      EV: 31    Int:  9    God:    Makhleb [******]
Gold:   0          SH:  0    Dex: 18    Spells: 0 memorised, 80 levels left

rFire  . . .     SeeInvis +     k - +∞ Axe of Woe
rCold  . . .     Gourm    +     a - +0 robe
rNeg   . . .     Faith    .     (shield currently unavailable)
rPois  .         Spirit   .     (helmet restricted)
rElec  .         Reflect  .     (no cloak)
rCorr  .         Harm     .     (gloves unavailable)
MR     ++...     NoTele   +     (boots unavailable)
Stlth  +++++++++.               (no amulet)
                                (no ring)
                                l - ring of see invisible

@: no status effects
A: unfitting armour, claws 3, fast metabolism 3, gourmand, regeneration 1,
shaggy fur 1, tough skin 2
a: Minor Destruction, Lesser Servant of Makhleb, Major Destruction, Greater
Servant of Makhleb, Renounce Religion


You were in the Dungeon.
You worshipped Makhleb.
Makhleb was exalted by your worship.
You were not hungry.

You visited 1 branch

Inventory:

Hand Weapons
 k - the +∞ Axe of Woe (weapon)
   (You found it in the Dungeon)
Missiles
 d - 5 tomahawks of dispersal (quivered)
Armour
 a - a +0 robe (worn)
Jewellery
 l - a ring of see invisible (left claw)
Scrolls
 c - 2 scrolls of blinking
Potions
 e - a potion of curing
 g - a potion of heal wounds
 h - a potion of haste
 i - 2 potions of magic
 j - a potion of berserk rage
Books
 b - a book of Spatial Translocations

   Spells                             Type                      Level
   a - Blink                          Translocation                2
   b - Shroud of Golubria             Charms/Translocation         2
   c - Lesser Beckoning               Translocation                3
   d - Portal Projectile              Translocation                3
   e - Teleport Other                 Translocation                3
   f - Passage of Golubria            Translocation                4
Comestibles
 f - 2 bread rations


   Skills:
 O Level 27 Fighting
 O Level 27 Axes
 O Level 27 Throwing
 O Level 27 Armour
 O Level 27 Dodging
 O Level 27 Stealth
 O Level 27 Unarmed Combat
 O Level 27 Spellcasting
   Level 2.1 Translocations
 O Level 27 Invocations


You had 80 spell levels left.
You didn't know any spells.

Dungeon Overview and Level Annotations

Branches:
Dungeon (1/1)

Altars:
Makhleb


Innate Abilities, Weirdness & Mutations

You are too large for most types of armour.
You have claws for hands.
Your metabolism is lightning-fast.
You like to eat raw meat.
Your natural rate of healing is unusually fast.
You are covered in fur. (AC +1)
You have very tough skin. (AC +2)


Message History

The corpses begin to drag themselves along the ground!
A hill giant and a crawling corpse come into view.
You hear a shout! x4
The dread throws damnation at you.
The sphere of damnation explodes!
The damnation engulfs you!
* * * LOW HITPOINT WARNING * * *
You hear a shout!
Unknown command.
Okay, then. 2 crawling corpses come into view.
You hear a shout! x5
The dread throws damnation at you.
The sphere of damnation explodes!
The damnation engulfs you!
* * * LOW HITPOINT WARNING * * *
Two crawling corpses merge to form a small abomination.
You hear a shout! x2
The corpses meld into an agglomeration of writhing flesh!
The dread throws damnation at you.
The sphere of damnation explodes!
The damnation engulfs you!
You die...

.).###.........#.#o#.o#
#.))....###....V.Voo.#.
#..))...#..oxooo.Do...#.
#§§)....#..WO..C..zo.#..
.§§)).........)W)W......
....)))..%..#xoo#......#
...))).....#...W#2x...#
...).C...##.....#.....#
...))).x#......#@...#
....))..#...###§.).#....
.#.))).....)).§§§#......
...........)))..X.W.....
..#..)..####)).x.%...###
....x§§§).#)...%..####
....)§§V...)%%.####
.....)§§..%.####
#############


You could see a meat beast, an eight-headed meat hydra, 2 destroyers, a sculptor
of flesh, a large bag of meat (inner flame), a large abomination, a wretched
soul (invisible), 4 dreads, a meat berserker (berserk), 2 small abominations, 10
bags of meat and 2 crawling corpses.

Vanquished Creatures
  A hell beast (D)
  Harold (D)
  13 vampire knights (D)
  25 ogres (D)
  2 liches (D)
  50 orcs (D)
  5 hill giants (D)
  3 skeletal warriors (D)
  5 small abominations (D)
  2 large abominations (D)
  5 crawling corpses (D)
112 creatures vanquished.

Vanquished Creatures (others)
  A small abomination (D)
  2 crawling corpses (D)
3 creatures vanquished.

Grand Total: 115 creatures vanquished

Notes
Turn   | Place    | Note
-------+----------+-------------------------------------------
     0 | D        | Crut the Troll Warper began the quest for the Orb.
     0 | D        | Reached XP level 1. HP: 19/19 MP: 1/1
     3 | D        | Noticed a bag of meat
     4 | D        | Became a worshipper of Makhleb the Destroyer
     5 | D        | Noticed a bag of meat
     5 | D        | Noticed a bag of meat
     7 | D        | Noticed a meat berserker
     7 | D        | Noticed a bag of meat
     8 | D        | Noticed a bag of meat
     8 | D        | Killed a bag of meat
     8 | D        | Reached skill level 10 in Spellcasting
     8 | D        | Reached XP level 2. HP: 48/48 MP: 1/12
     8 | D        | Reached XP level 3. HP: 55/55 MP: 1/13
     8 | D        | Reached XP level 4. HP: 65/65 MP: 1/15
     8 | D        | Reached XP level 5. HP: 71/71 MP: 1/16
     8 | D        | Reached XP level 6. HP: 80/80 MP: 1/18
     8 | D        | Reached XP level 7. HP: 88/88 MP: 1/19
     8 | D        | Reached XP level 8. HP: 97/97 MP: 1/21
     8 | D        | Reached XP level 9. HP: 105/105 MP: 1/22
     8 | D        | Reached XP level 10. HP: 113/113 MP: 1/23
     8 | D        | Reached XP level 11. HP: 120/120 MP: 1/24
     9 | D        | Noticed a bag of meat
     9 | D        | Noticed a bag of meat
     9 | D        | Noticed a bag of meat
     9 | D        | Noticed a bag of meat
     9 | D        | Noticed a meat berserker
     9 | D        | Killed a meat berserker
     9 | D        | Reached * piety under Makhleb
     9 | D        | Reached skill level 15 in Unarmed Combat
     9 | D        | Reached XP level 12. HP: 137/137 MP: 1/27
     9 | D        | Reached XP level 13. HP: 145/145 MP: 1/28
     9 | D        | Killed a bag of meat
     9 | D        | Reached XP level 14. HP: 157/157 MP: 1/30
    10 | D        | Noticed a bag of meat
    10 | D        | Noticed a bag of meat
    10 | D        | Noticed a meat berserker
    10 | D        | Noticed a bag of meat
    10 | D        | Noticed a bag of meat
    10 | D        | Noticed a bag of meat
    10 | D        | Noticed a bag of meat
    10 | D        | Noticed a bag of meat
    11 | D        | Noticed a bag of meat
    11 | D        | Noticed a large bag of meat
    11 | D        | Noticed a large bag of meat
    11 | D        | Killed a bag of meat
    11 | D        | Reached skill level 15 in Fighting
    11 | D        | Killed a bag of meat
    11 | D        | Reached ** piety under Makhleb
    11 | D        | Reached XP level 15. HP: 170/170 MP: 2/32
    11 | D        | Killed a meat berserker
    11 | D        | Reached skill level 10 in Axes
    11 | D        | Reached skill level 15 in Spellcasting
    12 | D        | Noticed a meat berserker
    13 | D        | Noticed a meat berserker
    13 | D        | Reached XP level 16. HP: 91/185 MP: 2/35
    13 | D        | Reached *** piety under Makhleb
    13 | D        | Reached XP level 17. HP: 156/198 MP: 2/37
    13 | D        | Reached **** piety under Makhleb
    13 | D        | Reached skill level 15 in Axes
    14 | D        | Noticed a meat berserker
    14 | D        | Noticed a meat berserker
    14 | D        | Reached skill level 10 in Throwing
    14 | D        | Killed a meat berserker
    14 | D        | Reached XP level 18. HP: 164/215 MP: 3/39
    14 | D        | Reached ***** piety under Makhleb
    14 | D        | Reached skill level 27 in Dodging
    14 | D        | Reached XP level 19. HP: 231/231 MP: 3/41
    15 | D        | Killed a meat berserker
    15 | D        | Killed a large bag of meat
    17 | D        | Noticed a destroyer
    17 | D        | Killed a meat berserker
    17 | D        | Reached skill level 27 in Unarmed Combat
    17 | D        | Reached XP level 20. HP: 231/253 MP: 3/44
    17 | D        | Reached ****** piety under Makhleb
    17 | D        | Reached skill level 27 in Axes
    17 | D        | Reached skill level 27 in Fighting
    17 | D        | Reached skill level 15 in Throwing
    18 | D        | Noticed a meat berserker
    18 | D        | Noticed a meat berserker
    19 | D        | Noticed a meat berserker
    19 | D        | Killed a destroyer
    19 | D        | Reached XP level 21. HP: 265/265 MP: 4/49
    19 | D        | Reached skill level 27 in Spellcasting
    21 | D        | Reached skill level 27 in Throwing
    21 | D        | Reached skill level 10 in Armour
    21 | D        | Reached XP level 22. HP: 275/275 MP: 4/52
    23 | D        | Noticed a destroyer
    23 | D        | Noticed a destroyer
    23 | D        | Noticed a destroyer
    24 | D        | Reached skill level 15 in Invocations
    24 | D        | Reached skill level 15 in Armour
    24 | D        | Reached skill level 15 in Stealth
    24 | D        | Reached XP level 23. HP: 284/284 MP: 5/53
    27 | D        | Noticed a destroyer
    28 | D        | Noticed The Servant
    28 | D        | Killed a destroyer
    28 | D        | Reached skill level 27 in Invocations
    28 | D        | Reached XP level 24. HP: 227/295 MP: 7/53
    30 | D        | Killed a destroyer
    30 | D        | Reached skill level 27 in Armour
    31 | D        | Noticed a destroyer
    33 | D        | Noticed a destroyer
    33 | D        | Reached skill level 27 in Stealth
    33 | D        | Reached XP level 25. HP: 192/304 MP: 8/53
    33 | D        | Killed The Servant
    35 | D        | Noticed a destroyer
    39 | D        | Killed a destroyer
    39 | D        | Reached XP level 26. HP: 314/314 MP: 10/53
    43 | D        | Killed a destroyer
    45 | D        | Killed a destroyer
    46 | D        | Reached XP level 27. HP: 323/323 MP: 12/53
    52 | D        | Killed a destroyer
    53 | D        | Noticed a tyrant
    53 | D        | Noticed a destroyer
    53 | D        | Noticed a destroyer
    53 | D        | Noticed a destroyer
    54 | D        | Killed a destroyer
    56 | D        | Killed a destroyer
    56 | D        | Killed a destroyer
    60 | D        | Noticed a tyrant
    61 | D        | Killed a tyrant
    71 | D        | Killed a tyrant
    73 | D        | Noticed a dread
    73 | D        | Noticed a dread
    74 | D        | Noticed a meat beast
    74 | D        | Noticed a destroyer
    75 | D        | Noticed a dread
    75 | D        | Noticed a destroyer
    76 | D        | Killed a destroyer
    76 | D        | Noticed a meat beast
    78 | D        | Killed a destroyer
    79 | D        | Killed a destroyer
    80 | D        | Noticed a destroyer
    80 | D        | Noticed a destroyer
    80 | D        | Killed a meat beast
    81 | D        | Noticed a dread
    84 | D        | Killed from afar by a dread

Vault maps used:
D:        meatsprint

Skill      XL: |  1  2  3  4  5  6  7  8  9 10 11 12 13 14 15 16 17 18 19 20 21 22 23 24 |
---------------+-------------------------------------------------------------------------+-----
Fighting       | 11 13 14 16 17 19 21 23 26 27 | 27.0
Throwing       | 4 6 7 8 9 10 11 13 18 27 | 27.0
Dodging        | 14 17 18 20 22 24 25 27 | 27.0
Unarmed Combat | 12 15 16 18 20 21 23 24 27 | 27.0
Spellcasting   | 10 12 13 14 16 17 18 19 21 25 27 | 27.0
Axes           | 3 4 7 11 14 17 21 26 27 | 27.0
Armour         | 10 18 26 27 | 27.0
Stealth        | 7 15 21 27 | 27.0
Invocations    | 11 20 27 | 27.0
Translocations | |  2.1

Action                   |  1- 3 |  4- 6 |  7- 9 | 10-12 | 13-15 | 16-18 | 19-21 | 22-24 | 25-27 || total
-------------------------+-------+-------+-------+-------+-------+-------+-------+-------+-------++-------
Melee: Executioner's axe |     1 |       |       |     1 |     2 |     1 |     4 |     6 |    26 ||    41
Armor: Robe              |       |       |       |       |       |       |       |     1 |     1 ||     2
Dodge: Dodged            |       |       |       |       |     1 |       |       |     1 |     4 ||     6
